 Dungeon Crawl Stone Soup version 0.26.1-11-gd32895ea62 (webtiles) character file.

Game seed: 6975085481316561481

1146 Zeld the Cleaver (level 8, 0/64 HPs)
             Began as a Minotaur Berserker on May 23, 2021.
             Was a Priest of Trog.
             Killed from afar by Maggie (15 damage)
             ... with a bolt of fire
             ... on level 6 of the Dungeon.
             The game lasted 00:06:10 (7892 turns).

Zeld the Cleaver (Minotaur Berserker)               Turns: 7892, Time: 00:06:10

Health: 0/64       AC:  2    Str: 25    XL:     8   Next: 15%
Magic:  7/7        EV:  9    Int:  4    God:    Trog [***...]
Gold:   475        SH:  9    Dex:  9    Spells: 7/7 levels left

rFire    . . .     SeeInvis .   a - +0 hand axe
rCold    . . .     Faith    .   o - +2 kite shield
rNeg     . . .     Spirit   .   (no armour)
rPois    .         Reflect  .   (helmet restricted)
rElec    .         Harm     .   q - +0 cloak
rCorr    .         Rampage  .   (no gloves)
Will     ++...                  n - +0 pair of boots
Stlth    +.........             (no amulet)
HPRegen  1.20/turn              (no ring)
MPRegen  0.10/turn              (no ring)

@: mesmerised, regenerating
A: retaliatory headbutt, horns 2
a: Renounce Religion, Berserk, Trog's Hand


You were on level 6 of the Dungeon.
You worshipped Trog.
Trog was most pleased with you.
You visited 1 branch of the dungeon, and saw 6 of its levels.
You also visited: Ossuary.

You collected 475 gold pieces.

Inventory:

Hand Weapons
 a - a +0 hand axe (weapon)
Armour
 n - a +0 pair of boots (worn)
 o - a +2 kite shield (worn)
 q - a +0 cloak (worn)
Jewellery
 j - an uncursed ring of flight {unknown}
 u - an uncursed amulet of the acrobat {unknown}
 y - an uncursed amulet of the acrobat {unknown}
Scrolls
 d - 3 scrolls of teleportation {unknown}
 e - 2 scrolls of remove curse {unknown}
 g - 4 scrolls of enchant weapon {unknown}
 h - 3 scrolls of fear {unknown}
 i - 2 scrolls of magic mapping {unknown}
 k - 4 scrolls of fog {unknown}
 l - a scroll of enchant armour {unknown}
 m - 2 scrolls of amnesia {unknown}
 p - 2 scrolls of blinking {unknown}
 t - 4 scrolls of identify {unknown}
Potions
 b - a potion of cancellation {unknown}
 c - 6 potions of haste {unknown}
 f - 3 potions of might {unknown}
 r - 4 potions of curing {unknown}
 s - 4 potions of heal wounds {unknown}
 v - a potion of ambrosia {unknown}
 w - a potion of flight {unknown}
 x - 2 potions of mutation {unknown}
 z - a potion of brilliance {unknown}
 A - a potion of berserk rage {unknown}
 B - a potion of magic {unknown}
 C - a potion of degeneration {unknown}


   Skills:
 - Level 3.6 Fighting
 * Level 11.8 Axes
 - Level 2.4 Armour
 - Level 2.1 Dodging


You had 7 spell levels left.
You didn't know any spells.
Your spell library was empty.

Dungeon Overview and Level Annotations

Branches:
Dungeon (6/15)            Ossuary (visited)
 Temple: D:4-7

Altars:
Kikubaaqudgha
Okawaru
Qazlal
Wu Jian

Annotations:
D:6 Maggie


Innate Abilities, Weirdness & Mutations

You reflexively headbutt those who attack you in melee.
You have a pair of horns on your head.


Message History

You hit Maggie. You headbutt Maggie, but do no damage.
Maggie is lightly wounded.
Maggie casts a spell at you. The bolt of fire hits you!!
You hit Maggie but do no damage.
Maggie is lightly wounded.
Maggie says, "Leave now, and tell all of Margery's mercy!"
Maggie mumbles some strange words.
Maggie attempts to bespell you!
You are mesmerised by Maggie!
Your skin crawls.
You feel strong-willed. Maggie casts a spell at you.
The bolt of fire hits you!!
* * * LOW HITPOINT WARNING * * *
You barely miss Maggie. Your headbutt misses Maggie.
Maggie is lightly wounded.
Maggie points at you and mumbles some strange words.
The bolt of fire hits you!
You die...

#######. #.... #....#
#......# #....
#....######......#
.....##..!.#...........#
...........#...........#
...........#...........#
...........#.....#######
......@....#.....#
#####+#####@...#.....#
..........#....#.....#
..........'....+.....#
..........##+###.....#
.....................#
.....................#
.....................#
.......).............+
.....................#


You could see Maggie (mesmerising).

Vanquished Creatures
  2 sky beasts (D:5)
  2 ogres (D:4)
  2 scorpions (D:4)
  A bullfrog zombie (D:5)
  A centaur zombie (D:5)
  A hound (D:5)
  3 orc wizards
  4 orc priests
  2 bullfrog skeletons
  2 worker ants
  8 mummies (Ossuary)
  A worker ant zombie (D:5)
  3 adders
  A white imp (D:5)
  2 ufetubi (D:5)
  An adder zombie (D:5)
  2 worms
  2 dart slugs
  6 leopard geckos
  13 orcs
  5 bats
  3 giant cockroaches
  10 goblins
  9 hobgoblins
  4 jackals (D:3)
  12 kobolds
  2 quokkas
  A ball python (D:1)
  A ball python skeleton (D:4)
  7 frilled lizards
  5 hobgoblin zombies (Ossuary)
  A jackal skeleton (D:4)
  A kobold zombie (Ossuary)
  2 orc zombies (Ossuary)
  7 rats
129 creatures vanquished.

Vanquished Creatures (others)
  5 plants (D:4)
5 creatures vanquished.

Grand Total: 134 creatures vanquished

Notes
Turn   | Place    | Note
-------+----------+-------------------------------------------
     0 | D:1      | Zeld the Minotaur Berserker began the quest for the Orb.
     0 | D:1      | Reached XP level 1. HP: 19/19 MP: 0/0
    35 | D:1      | Reached skill level 4 in Axes
   338 | D:1      | Reached XP level 2. HP: 19/26 MP: 1/1
  1058 | D:1      | Reached skill level 5 in Axes
  1223 | D:1      | Reached ** piety under Trog
  1224 | D:1      | Reached XP level 3. HP: 16/31 MP: 2/2
  1910 | D:2      | Found an iron altar of Okawaru.
  2061 | D:2      | Reached skill level 6 in Axes
  2061 | D:2      | Reached XP level 4. HP: 39/39 MP: 3/3
  2703 | D:2      | Reached XP level 5. HP: 45/45 MP: 4/4
  2750 | D:2      | Reached skill level 7 in Axes
  3676 | D:3      | Found an ancient bone altar of Kikubaaqudgha.
  4462 | D:3      | Reached skill level 8 in Axes
  4640 | D:4      | Reached XP level 6. HP: 34/51 MP: 5/5
  4770 | D:4      | Reached skill level 9 in Axes
  4838 | D:4      | Found a stormy altar of Qazlal.
  4952 | D:4      | Found an ornate altar of the Wu Jian Council.
  4971 | D:4      | Found a sand-covered staircase.
  4976 | Ossuary  | Entered an ossuary
  4986 | Ossuary  | Reached *** piety under Trog
  5261 | Ossuary  | Reached XP level 7. HP: 57/57 MP: 6/6
  5539 | D:4      | Reached skill level 10 in Axes
  6531 | D:5      | Entered Level 5 of the Dungeon
  6638 | D:5      | Reached skill level 11 in Axes
  6875 | D:5      | Found a stormy altar of Qazlal.
  7127 | D:5      | Reached XP level 8. HP: 50/64 MP: 7/7
  7887 | D:6      | Noticed Maggie
  7892 | D:6      | Killed from afar by Maggie

Illustrated notes

Levels and vault maps discovered:
D:1:      heliophobic_arrival_henge, layout_basic
D:2:      layout_loops_cross, okawaru_metal_pillars_1_2,
          serial_co_window_serial, co_window_corner_a, co_window_corner_a,
          co_window_paths_a, co_window_paths_a, co_window_paths_a,
          co_window_of_opportunity_b, co_window_broadway_c,
          co_window_broadway_c, co_window_sun, co_window_4corner_b,
          glass_columns_a
D:3:      layout_basic, lemuel_crystal_altar
D:4:      cheibrodos_old_hovel, layout_loops_ring, nzn_wu_jian_contemplation,
          lemuel_coloured_pillars_altar, enter_ossuary_2, minmay_goblin_outpost
D:5:      layout_basic, basic_altar, serial_park_tiny_pond,
          amcnicky_mini_corridor_feature
D:6:      cheibrodos_fzero, layout_gridville, good_gods_mini_temple,
          overflow_temple_1_default, uniq_maggie, uniq_pikel, uniq_duvessa,
          uniq_grinder

Skill      XL: |  1  2  3  4  5  6  7 |
---------------+----------------------+-----
Axes           | 4 5 6 8 9 11 | 11.8
Fighting       | |  3.6
Armour         | |  2.4
Dodging        | |  2.1

Action                   |  1- 3 |  4- 6 |  7- 9 || total
-------------------------+-------+-------+-------++-------
Melee: Hand axe          |    77 |   131 |   120 ||   328
       Headbutt          |    13 |    16 |    25 ||    54
Throw: Stone             |       |       |     2 ||     2
Invok: Berserk           |     3 |     5 |     4 ||    12
       Trog's Hand       |       |     1 |     2 ||     3
 Stab: Distracted        |       |     1 |       ||     1
Armor: Skin              |       |    10 |     8 ||    18
Dodge: Dodged            |    51 |    43 |    41 ||   135
Block: Kite shield       |       |    40 |    51 ||    91
